 Dungeon Crawl Stone Soup version 0.28.0-45-g0d030f2227 (webtiles) character file.

Game seed: 16396314770224397669

122 pkoi the Gusty (level 4, 0/49 HPs)
             Began as a Demigod Air Elementalist on Apr 8, 2022.
             Succumbed to an adder's poison
             ... on level 2 of the Dungeon.
             The game lasted 00:03:58 (3600 turns).

pkoi the Gusty (Demigod Air Elementalist)           Turns: 3600, Time: 00:03:59

Health: 0/49       AC:  2    Str: 13    XL:     4   Next: 50%
Magic:  5/9        EV: 12    Int: 17    God:
Gold:   52         SH:  0    Dex: 14    Spells: 1/7 levels left

rFire   . . .      SeeInvis .     - Unarmed
rCold   . . .      Faith    .   (no shield)
rNeg    . . .      Spirit   .   a - +0 robe
rPois   .          Reflect  .   (no helmet)
rElec   .          Harm     .   (no cloak)
rCorr   .          Rampage  .   (no gloves)
Will    .....                   (no boots)
Stlth   ..........              (no amulet)
HPRegen 0.16/turn               g - ring of wizardry
MPRegen 0.11/turn               (no ring)

@: berserking, lethally poisoned (0 -> -6), very quick
A: high MP 1, forlorn, divine attributes
a: no special abilities


You were on level 2 of the Dungeon.
You visited 1 branch of the dungeon, and saw 3 of its levels.

You collected 52 gold pieces.

Inventory:

Hand Weapons
 f - a +0 war axe
 j - a +2 dagger of flaming
Armour
 a - a +0 robe (worn)
Jewellery
 g - a ring of wizardry (left hand)
Scrolls
 h - a scroll of immolation {unknown}
Potions
 c - a potion of degeneration {unknown}
 d - 2 potions of mutation
 e - 2 potions of curing {unknown}
 i - a potion of resistance {unknown}


   Skills:
 - Level 1.7 Dodging
 - Level 1.7 Stealth
 + Level 2.0 Unarmed Combat
 + Level 2.1 Spellcasting
 - Level 0.8 Conjurations
 * Level 4.3 Air Magic


You had one spell level left.
You knew the following spells:

 Your Spells              Type           Power      Damage    Failure   Level
a - Shock                 Conj/Air       40%        1d5       2%          1
b - Static Discharge      Conj/Air       10%        N/A       4%          2
c - Swiftness             Air            16%        N/A       4%          3

Your spell library contained the following spells:

 Spells                   Type           Power      Damage    Failure   Level
 Airstrike                Air            8%         N/A       13%         4


Dungeon Overview and Level Annotations

Branches:
Dungeon (3/15)


Innate Abilities, Weirdness & Mutations

You have an increased reservoir of magic. (+10% MP)
You shall have no god before yourself.
Your divine heritage dramatically boosts your attributes as you level up.


Message History

Aiming: Shock (safe; 2% risk of failure)
Press: ? - help, Q - select action, (/) - cycle Shift-Dir - straight line That beam is likely to hit you.
Continue anyway?
Okay, then.
Aiming: Shock (safe; 2% risk of failure)
Press: ? - help, Q - select action, (/) - cycle Shift-Dir - straight line
Okay, then.
Unknown command.
Unknown command.
Aiming: Shock (safe; 2% risk of failure)
Press: ? - help, Q - select action, (/) - cycle Shift-Dir - straight line The zap hits the orc wizard.
The orc wizard is severely wounded.
The zap hits the orc wizard.
The orc wizard is almost dead.
You feel sick. The adder misses you. The orc wizard misses you.
Unknown command.
Aiming: Shock (safe; 2% risk of failure)
Press: ? - help, Q - select action, (/) - cycle Shift-Dir - straight line The zap hits the orc wizard.
You kill the orc wizard!
You feel sick. The adder bites you.
* * * LOW HITPOINT WARNING * * *
You are more poisoned.
The adder poisons you!
Your Unarmed Combat skill increases to level 2!
Unknown command.
It was a potion of berserk rage.
A red film seems to cover your vision as you go berserk!
You feel yourself moving faster!
You feel mighty!
* * * LOW HITPOINT WARNING * * *
You feel sick. The adder bites you.
* * * LOW HITPOINT WARNING * * *
Unknown command.
You miss the adder.
* * * LOW HITPOINT WARNING * * *
You feel sick. The adder barely misses you.
You hit the adder.
The adder is heavily wounded.
You die...

......##.........##.#.........#
....####.........##.#.....###.#
..#.# #.........#..#......##.#
###)# #................##....#
##..#
#.......###†#..#.####..###
#..##
#.......##.........###...# ..##
#.......##..>###....##.#.# .##
###........S)### ##....#.#.# .#
##..........@.# ##.....#.#
#####..###........# ##.##....
.##..##..##.......# #.#...).
##........#.......# #.......
#.................# #.......
#.................# ##......
##...>....#.......# #......
##....)...#.......# ##.....
#.................# #......


You could see an adder.

Vanquished Creatures
  An orc wizard (D:2)
  Terence (D:2)
  An adder (D:2)
  2 dart slugs
  6 endoplasms
  2 giant cockroaches
  6 goblins
  5 hobgoblins
  9 jackals
  4 kobolds
  3 quokkas
  3 ball pythons
  7 bats
  7 rats
57 creatures vanquished.

Notes
Turn   | Place    | Note
-------+----------+-------------------------------------------
     0 | D:1      | pkoi the Demigod Air Elementalist began the quest for the
                  | Orb.
     0 | D:1      | Reached XP level 1. HP: 14/14 MP: 5/5
   394 | D:1      | Reached skill level 3 in Air Magic
   580 | D:1      | Reached XP level 2. HP: 20/20 MP: 4/7
   929 | D:1      | Reached skill level 1 in Unarmed Combat
  1845 | D:2      | Learned a level 2 spell: Static Discharge
  1903 | D:2      | Reached XP level 3. HP: 26/26 MP: 2/8
  2695 | D:2      | Noticed Terence
  2873 | D:2      | Killed Terence
  2874 | D:2      | Reached skill level 4 in Air Magic
  2874 | D:2      | Reached XP level 4. HP: 15/33 MP: 1/9
  3571 | D:2      | Learned a level 3 spell: Swiftness
  3598 | D:2      | HP: 2/49 [adder (1)]
  3600 | D:2      | Succumbed to an adder's poison

Illustrated notes

Levels and vault maps discovered:
D:1:      psy_arrival_radial02, layout_loops_cross
D:2:      layout_rooms, basic_altar, shapermc_ecumenical_altar_totnotflames,
          st_stairs_5, uniq_terence
D:3:      layout_loops_ring, nicolae_ru_great_annihilating_truth,
          grunt_qazlal_clouds

Skill      XL: |  1  2  3  4 |
---------------+-------------+-----
Air Magic      | 3 4 |  4.3
Unarmed Combat | 1 2 |  2.0
Spellcasting   | 2 |  2.1
Dodging        | |  1.7
Stealth        | |  1.7
Conjurations   | |  0.8

Action                   |  1- 3 |  4- 6 || total
-------------------------+-------+-------++-------
Melee: Unarmed           |    42 |     3 ||    45
 Cast: Shock             |   104 |    22 ||   126
  Use: Scroll            |     3 |       ||     3
       Potion            |       |     1 ||     1
 Stab: Sleeping          |     1 |       ||     1
Armor: Robe              |    12 |     8 ||    20
Dodge: Dodged            |    45 |    23 ||    68
